 Dungeon Crawl Stone Soup version 0.31.0-11-ge490571c62 (webtiles) character file.

Game seed: 12339769756197519600

113 qw the Shooter (level 4, -1/22 HPs)
             Began as a Spriggan Hunter on Feb 5, 2024.
             Killed from afar by an orc wizard (8 damage)
             ... with a magic dart
             ... on level 3 of the Dungeon.
             The game lasted 00:00:34 (1343 turns).

qw the Shooter (Spriggan Hunter)                    Turns: 1343, Time: 00:00:34

Health: -1/22      AC:  2    Str:  7    XL:     4   Next: 65%
Magic:  5/5        EV: 20    Int: 10    God:
Gold:   75         SH:  0    Dex: 20    Spells: 3/3 levels left

rFire   . . .        a - +1 shortbow
rCold   . . .        (shield currently unavailable)
rNeg    . . .        c - +0 robe
rPois   .            (helmet restricted)
rElec   .            (no cloak)
rCorr   .            (gloves unavailable)
SInv    +            (boots unavailable)
Will    .....        (no amulet)
Stlth   ++           (no ring)
HPRegen 0.23/turn    (no ring)
MPRegen 0.09/turn

%: no passive effects
@: very quick
A: very small, no large weapons, unfitting armour, see invisible, speed 3
a: no special abilities


You were on level 3 of the Dungeon.
You visited 1 branch of the dungeon, and saw 3 of its levels.

You collected 75 gold pieces.


Innate Abilities, Weirdness & Mutations

You are very small and have problems with some larger weapons.
You are too small for most types of armour.
You have supernaturally acute eyesight. (SInv)
You cover ground extremely quickly. (Speed+++)


   Skills:
 - Level 1.5 Fighting
 - Level 5.3 Ranged Weapons
 + Level 4.6 Dodging
 - Level 1.5 Stealth


You had 3 spell levels left.
You didn't know any spells.
Your spell library was empty.

Inventory:

Hand Weapons
 a - a +1 shortbow (weapon)
Armour
 c - a +0 robe (worn)
Wands
 i - a wand of polymorph (8)
Potions
 d - 2 potions of haste
 f - a potion of lignification {unknown}
 g - a potion of ambrosia {unknown}

Dungeon Overview and Level Annotations

Branches:
Dungeon (3/15)

Altars:

Shops:
D:2 [


Message History

The puff of flame misses you.
An orc comes into view. It is wielding a +0 trident.
You shoot an arrow. The arrow hits the orc wizard.
The orc wizard is moderately wounded.
The orc wizard gestures at you while chanting.
The magic dart hits you!
1335 ||| DRINKING potion of heal wounds.
You feel much better. The orc wizard misses you.
You shoot an arrow. The arrow hits the orc wizard.
The orc wizard is heavily wounded.
The orc wizard hits you with a +0 dagger.
The orc wizard casts a spell at you. The puff of flame hits you!
Ouch! That really hurt!
You shoot an arrow.
The arrow closely misses the orc wizard.
An orc comes into view. It is wielding a +0 club. x2
The orc wizard completely misses you.
1338 ||| RETREEEEATING.
The orc wizard attacks as it pursues you!
The orc wizard misses you.
You shoot an arrow.
The arrow hits the orc wizard but does no damage.
The orc wizard is heavily wounded.
The orc wizard misses you.
You shoot an arrow.
The arrow closely misses the orc wizard.
You shoot an arrow. The arrow hits the orc wizard.
The orc wizard is heavily wounded.
The orc wizard closely misses you.
You shoot an arrow.
The arrow hits the orc wizard but does no damage.
The orc wizard is heavily wounded.
The endoplasm hits you. The orc closely misses you.
The orc wizard barely misses you. The endoplasm misses you.
You shoot an arrow. The arrow barely misses the orc wizard.
The orc wizard gestures at you while chanting.
The magic dart hits you!
You die...

#.#.#######
###.#........ #.....##
######### #.#.#..####
........# #.#.##....####
........###.#.##.......#
........##..#.##....)..#
[......................#
.......o@####.##......<#
.......J## #.##########
.......oo.)....
.........o......
..........)o.....
######............
#......... .........o
#........o


You could see 2 orc wizards and an endoplasm.

Vanquished Creatures
  An orc priest (D:3)
  An orc wizard (D:3)
  2 dart slugs
  A ribbon worm (D:2)
  2 orcs
  3 endoplasms
  2 giant cockroaches
  4 goblins (D:1)
  7 hobgoblins
  9 jackals
  2 kobolds
  A quokka (D:2)
  4 ball pythons
  5 bats
  2 frilled lizards
  3 rats
49 creatures vanquished.

Notes
Turn   | Place    | Note
-------+----------+-------------------------------------------
     0 | D:1      | qw the Spriggan Hunter began the quest for the Orb.
     0 | D:1      | Reached XP level 1. HP: 10/10 MP: 2/2
     0 | D:1      | 0 ||| qw: Version: 0.3-a-160-g6735b56
     0 | D:1      | 0 ||| qw: Game counter: 6498
     0 | D:1      | 0 ||| qw: Melee chars always use a shield: true
     0 | D:1      | 0 ||| qw: God list: Okawaru
     0 | D:1      | 0 ||| qw: Allow faded altars: false
     0 | D:1      | 0 ||| qw: Do Orc after clearing Dungeon:15 true
     0 | D:1      | 0 ||| qw: Do second Lair branch before Depths: true
     0 | D:1      | 0 ||| qw: Lair rune preference: random
     0 | D:1      | 0 ||| qw: Goals: Normal
     0 | D:1      | 0 ||| PLANNING D:1-11
    10 | D:1      | Reached skill level 3 in Dodging
    27 | D:1      | Reached XP level 2. HP: 13/14 MP: 3/3
   589 | D:1      | Found a faded altar of an unknown god.
   611 | D:1      | Reached XP level 3. HP: 18/18 MP: 4/4
   758 | D:1      | 758 ||| READING 3 scrolls labelled ADECEJESHUSS.
   758 | D:1      | 758 ||| IDENTIFYING lumpy yellow potion
   759 | D:1      | 759 ||| READING 2 scrolls of identify.
   759 | D:1      | 759 ||| IDENTIFYING green potion
   760 | D:1      | 760 ||| READING scroll of identify.
   760 | D:1      | 760 ||| IDENTIFYING 2 emerald potions
   761 | D:1      | 761 ||| READING scroll labelled XUIGEO HOTT.
   762 | D:1      | 762 ||| READING scroll labelled ROYSAD SUUSUIT.
   767 | D:1      | 767 ||| READING 2 scrolls labelled ZEWIET ANIRET.
   768 | D:1      | 768 ||| READING scroll labelled IHET YX HUX.
   768 | D:1      | 768 ||| ENCHANTING +0 shortbow.
   769 | D:1      | 769 ||| READING scroll labelled WOCESE XOETHRI.
   803 | D:1      | 803 ||| DRINKING 2 blue potions.
   804 | D:1      | 804 ||| DROPPING scroll of butterflies.
   805 | D:1      | 805 ||| DROPPING potion of brilliance.
   806 | D:1      | 806 ||| DROPPING potion of invisibility.
   807 | D:1      | 807 ||| DROPPING scroll of poison.
   873 | D:2      | 873 ||| DROPPING +3 sling.
  1025 | D:2      | Found Fakhler's Antique Armour Shoppe.
  1045 | D:2      | 1045 ||| SHOPLISTING glowing robe (85 gold, have 75).
  1267 | D:2      | 1267 ||| READING scroll of identify.
  1267 | D:2      | 1267 ||| IDENTIFYING gluggy blue potion
  1268 | D:2      | 1268 ||| READING scroll labelled BEOSTR BEMOITY.
  1269 | D:2      | 1269 ||| DROPPING potion of degeneration.
  1326 | D:3      | Reached skill level 5 in Ranged Weapons
  1326 | D:3      | Reached XP level 4. HP: 22/22 MP: 5/5
  1334 | D:3      | HP: 1/22 [orc wizard/magic dart (9)]
  1335 | D:3      | 1335 ||| DRINKING potion of heal wounds.
  1338 | D:3      | 1338 ||| RETREEEEATING.
  1343 | D:3      | Killed from afar by an orc wizard

Levels and vault maps discovered:
D:1:      dpeg_arrival_rooms_with_view, layout_basic,
          hellmonk_ecumenical_altar_run_dry, nicolae_kite_square_tiling_tiny
D:2:      layout_basic, serial_shops, shop_statue
D:3:      layout_rooms, minmay_diced_spiral

Skill      XL: |  1  2  3 |
---------------+----------+-----
Dodging        | 3 4 |  4.6
Ranged Weapons | 5 |  5.3
Fighting       | |  1.5
Stealth        | |  1.5

Action                     |  1- 3 |  4- 6 || total
---------------------------+-------+-------++-------
   Fire: Shortbow          |   108 |    16 ||   124
    Use: Scroll            |    10 |       ||    10
         Potion            |     1 |     1 ||     2
 Armour: Robe              |     8 |     7 ||    15
  Dodge: Dodged            |    27 |    15 ||    42

Table legend:
 A = Non-vault XP
 B = Vault XP
 C = Vault XP percentage of total XP
 D = Non-vault monster count
 E = Vault monster count
 F = Vault count percentage of total count
                 A         B        C        D         E       F
            +---------+---------+-------+---------+---------+-------
      Total |     160 |       2 |   1.2 |      47 |       2 |   4.1
            +---------+---------+-------+---------+---------+-------
        D:1 |      44 |       2 |   4.3 |      25 |       2 |   7.4
        D:2 |      34 |       0 |   0.0 |      17 |       0 |   0.0
        D:3 |      82 |       0 |   0.0 |       5 |       0 |   0.0
            +---------+---------+-------+---------+---------+-------
